 Dungeon Crawl Stone Soup version 0.29.1-1-gd02db6906a (webtiles) character file.

Game seed: 1712838698217664954

83 NullDivider the Sneak (level 4, -2/27 HPs)
             Began as an Octopode Hedge Wizard on Sept 22, 2022.
             Slain by Ijyb
             ... wielding a +0 dagger
              (5 damage)
             ... on level 3 of the Dungeon.
             The game lasted 00:06:14 (2448 turns).

NullDivider the Sneak (Octopode Hedge Wizard)       Turns: 2448, Time: 00:06:15

Health: -2/27      AC:  1    Str:  9    XL:     4   Next: 44%
Magic:  8/9        EV: 13    Int: 16    God:
Gold:   41         SH:  0    Dex: 13    Spells: 4/9 levels left

rFire   . . .      SeeInvis .   a - +0 dagger
rCold   . . .      Faith    .   (no shield)
rNeg    . . .      Spirit   .   b - +0 hat
rPois   .          Reflect  .   (no amulet)
rElec   .          Harm     .   (no ring)
rCorr   .          Rampage  .   (no ring)
Will    .....                   (no ring)
Stlth   +++.......              (no ring)
HPRegen 0.09/turn               (no ring)
MPRegen 0.11/turn               (no ring)
                                (no ring)
                                (no ring)

@: no status effects
A: almost no armour, amphibious, 8 rings, camouflage 1, gelatinous body 1,
(nimble swimmer 1), tentacles
a: no special abilities


You were on level 3 of the Dungeon.
You visited 1 branch of the dungeon, and saw 3 of its levels.

You collected 41 gold pieces.

Inventory:

Hand Weapons
 a - a +0 dagger (weapon)
Armour
 b - a +0 hat (worn)
Scrolls
 d - a scroll of amnesia {unknown}
 e - a scroll of vulnerability {unknown}
 g - a scroll of noise {unknown}
 j - 3 scrolls of identify {unknown}
 l - 2 scrolls of fear {unknown}
 m - a scroll of enchant armour {unknown}
Potions
 c - a potion of magic
 f - 3 potions of curing {unknown}
 h - 2 potions of brilliance {unknown}
 i - a potion of haste {unknown}
 k - a potion of degeneration {unknown}
 n - a potion of might {unknown}
 o - a potion of berserk rage {unknown}
 p - a potion of flight {unknown}
 q - 2 potions of invisibility {unknown}
 r - a potion of resistance {unknown}


   Skills:
 * Level 1.3 Short Blades
 + Level 2.2 Dodging
 * Level 3.9 Stealth
 * Level 3.3 Spellcasting
 + Level 1.4 Conjurations
 + Level 1.7 Summonings
 + Level 1.4 Translocations


You had 4 spell levels left.
You knew the following spells:

 Your Spells              Type           Power      Damage    Failure   Level
a - Magic Dart            Conj           28%        1d4       10%         1
b - Call Imp              Summ           8%         N/A       13%         2
c - Blink                 Tloc           14%        N/A       16%         2

Your spell library contained the following spells:

 Spells                   Type           Power      Damage    Failure   Level
 Sandblast                Erth           4%         2d4       19%         1
 Slow                     Hex            8%         N/A       19%         1
 Passwall                 Tmut/Erth      1%         N/A       26%         2
 Conjure Flame            Conj/Fire      5%         6-21      38%         3
 Stone Arrow              Conj/Erth      10%        3d7       38%         3
 Mephitic Cloud           Conj/Pois/Air  4%         N/A       41%         3
 Confusing Touch          Hex            2%         N/A       47%         3
 Yara's Violent Unravell  Hex/Tmut       1%         3d3       99%         5
 Enfeeble                 Hex            1%         N/A       100%        7


Dungeon Overview and Level Annotations

Branches:
Dungeon (3/15)

Altars:
Qazlal
The Shining One

Annotations:
D:3 Ijyb


Innate Abilities, Weirdness & Mutations

You cannot wear most types of armour.
You are amphibious.
You can wear up to eight rings at the same time.
Your skin changes colour to match your surroundings (Stealth+).
Your rubbery body absorbs attacks. (AC +1, EV +1)
((You are camouflaged when in or above water. (Stealth+)))
You have tentacles for arms and can constrict up to eight enemies at once.


Message History

The adder hisses angrily.
You hear a shout!
You miss the adder. You grab the adder. Your squeeze misses the adder.
You constrict the adder.
Ijyb the Twisted Goblin comes into view.
She is wielding a +0 dagger and carrying a wand of iceblast (11).
The adder bites you.
You hit the adder. You squeeze the adder.
The adder is severely wounded.
You constrict the adder. The adder bites you.
You barely miss the adder.
The adder is almost dead.
You constrict the adder.
You kill the adder!
Ijyb zaps a wand.
The mass of ice explodes!
The iceblast engulfs you! Ijyb barely misses you.
You see here an adder corpse.
You hit Ijyb but do no damage. You grab Ijyb. You constrict Ijyb.
Ijyb hits you with a +0 dagger.
You are too injured to fight recklessly!
You are too injured to fight recklessly!
You hit Ijyb but do no damage.
Ijyb is lightly wounded.
You constrict Ijyb. Ijyb hits you with a +0 dagger.
* * * LOW HITPOINT WARNING * * *
You hit Ijyb but do no damage.
Ijyb is lightly wounded.
You constrict Ijyb, but do no damage. Ijyb hits you with a +0 dagger.
* * * LOW HITPOINT WARNING * * *
You hit Ijyb but do no damage.
Ijyb is lightly wounded.
You constrict Ijyb. Ijyb hits you with a +0 dagger.
* * * LOW HITPOINT WARNING * * *
You hit Ijyb but do no damage. You squeeze Ijyb!
Ijyb is heavily wounded.
You constrict Ijyb.
Ijyb grins evilly.
Ijyb misses you.
You barely miss Ijyb. You squeeze Ijyb.
Ijyb is almost dead.
You constrict Ijyb. Ijyb hits you with a +0 dagger.
You die...

## ######### ...
#.......... ....
[.......... .....
#.......... ......####
#.......... ......g@.##
#..........
#####.##..####..........
# ###...............
#...................
##########..........
#.......... #..........
####'###... #.# #.##


You could see Ijyb.

Vanquished Creatures
  2 adders
  2 worms (D:2)
  3 dart slugs
  11 ball pythons
  4 endoplasms
  3 giant cockroaches (D:2)
  3 goblins
  5 hobgoblins
  2 kobolds (D:1)
  2 quokkas (D:1)
  8 bats
  A frilled lizard (D:1)
  6 rats
52 creatures vanquished.

Vanquished Creatures (others)
  4 fungi (D:1)
  5 plants (D:1)
9 creatures vanquished.

Grand Total: 61 creatures vanquished

Notes
Turn   | Place    | Note
-------+----------+-------------------------------------------
     0 | D:1      | NullDivider the Octopode Hedge Wizard began the quest for
                  | the Orb.
     0 | D:1      | Reached XP level 1. HP: 11/11 MP: 4/4
   229 | D:1      | Reached XP level 2. HP: 13/17 MP: 6/6
  1004 | D:1      | Reached XP level 3. HP: 20/21 MP: 5/7
  1107 | D:1      | Found a faded altar of an unknown god.
  1329 | D:1      | Learned a level 2 spell: Call Imp
  1332 | D:1      | Learned a level 2 spell: Blink
  1783 | D:2      | Reached skill level 1 in Short Blades
  1946 | D:2      | Reached XP level 4. HP: 27/27 MP: 3/8
  2204 | D:3      | Found a stormy altar of Qazlal.
  2205 | D:3      | Found a glowing golden altar of the Shining One.
  2439 | D:3      | Noticed Ijyb
  2448 | D:3      | Slain by Ijyb

Illustrated notes

Levels and vault maps discovered:
D:1:      lemuel_arrival_room, layout_loops_corners,
          shapermc_ecumenical_altar_mp_urbaneastern
D:2:      layout_basic, minmay_misc_feat_plants
D:3:      layout_basic, minitemple, uniq_ijyb

Skill      XL: |  1  2  3 |
---------------+----------+-----
Stealth        | 3 |  3.9
Short Blades   | 1 |  1.3
Dodging        | |  2.2
Spellcasting   | |  3.3
Conjurations   | |  1.4
Summonings     | |  1.7
Translocations | |  1.4

Action                   |  1- 3 |  4- 6 || total
-------------------------+-------+-------++-------
Melee: Dagger            |    71 |    22 ||    93
       Constrict         |    19 |     6 ||    25
       Tentacles         |    14 |     4 ||    18
 Cast: Magic Dart        |    16 |       ||    16
 Stab: Sleeping          |    18 |     3 ||    21
Armor: Skin              |     4 |     2 ||     6
Dodge: Dodged            |    32 |     9 ||    41
